Map: Ruins of Seras

Players

Soey

  • Race: Zerg Zerg
  • League: Grandmaster

oliM - Winner!

  • Race: Protoss Protoss
  • League: Master

VOD

Have the link to the VOD?

Description

Time

  • Played on: Feb. 11, 2016, 12:01 a.m.
  • Length: 14:29
Show
View Real Time Build Order
Export as new Build Order

Soey Zerg 

Build Orders: 3 Hatch before Pool, Lurkers 

Get SALT Encoding   

  12  0:00  Drone  
  13  0:08  Drone  
  14  0:17  Overlord  
  14  0:22  Extractor  
  14  0:23  Drone  
  15  0:36  Drone x2  
  17  0:44  Drone  
  18  0:58  Hatchery  
  18  1:01  Drone  
  18  1:06  Drone  
  19  1:16  Drone  
  20  1:31  Drone  
  20  1:32  Hatchery  
  20  1:38  Drone  
  21  1:47  Extractor  
  21  1:48  Drone  
  21  1:53  Spawning Pool  
  20  1:59  Drone  
  21  2:09  Drone  
  21  2:12  Drone  
  23  2:23  Overlord  
  23  2:25  Drone  
  24  2:31  Drone x2  
  26  2:41  Queen x2  
  26  2:43  Drone x2  
  32  2:45  Drone  
  33  2:51  Metabolic Boost  
  33  2:57  Queen  
  35  3:04  Zergling x2  
  35  3:05  Zergling x4  
  38  3:07  Drone  
  38  3:08  Drone  
  38  3:10  Drone  
  41  3:17  Drone  
  42  3:21  Overlord  
  42  3:33  Overlord  
  42  3:39  Queen x2  
  46  3:42  Extractor  
  45  3:49  Drone x5  
  45  3:52  Spore Crawler  
  45  3:54  Spore Crawler  
  48  3:55  Spore Crawler  
  48  3:58  Overlord  
  48  4:00  Drone x4  
  49  4:13  Overlord  
  49  4:24  Drone x3  
  49  4:25  Drone x3  
  49  4:28  Lair  
  55  4:31  Evolution Chamber  
  55  4:32  Zergling x8  
  58  4:40  Drone x5  
  63  4:53  Drone x2  
  63  4:54  Drone x5  
  63  4:56  Overlord  
  63  4:58  Zerg Missile Weapons Level 1  
  70  5:01  Extractor  
  70  5:03  Extractor, Overlord  
  70  5:05  Overlord  
  68  5:10  Extractor x2  
  66  5:14  Roach Warren  
  66  5:18  Drone x6  
  66  5:19  Drone  
  66  5:21  Overlord  
  72  5:24  Overlord  
  72  5:32  Drone x6  
  72  5:33  Drone  
  79  5:39  Overlord  
  79  5:43  Overlord  
  79  5:51  Hydralisk Den  
  79  5:54  Overlord  
  78  6:01  Glial Reconstitution  
  78  6:06  Overlord  
  77  6:15  Overlord  
  75  6:18  Overlord  
  75  6:19  Hatchery  
  75  6:24  Muscular Augments, Hydralisk  
  75  6:25  Hydralisk x7  
  88  6:36  Hydralisk  
  88  6:37  Hydralisk x4  
  88  6:38  Hydralisk  
  98  6:42  Drone  
  98  6:43  Drone x3  
  101  6:56  Spore Crawler  
  101  6:57  Hydralisk x4  
  101  6:58  Hydralisk  
  110  7:08  Zerg Missile Weapons Level 2  
  110  7:12  Hydralisk  
  110  7:13  Hydralisk x3  
  116  7:29  Drone, Hydralisk x3  
  117  7:30  Hydralisk x4  
  117  7:33  Overlord  
  130  7:37  Hydralisk x2  
  132  7:52  Hydralisk x6  
  144  8:03  Overseer  
  144  8:06  Overlord x5  
  144  8:13  Overlord  
  144  8:24  Overlord  
  144  8:26  Hydralisk x5  
  144  8:27  Hydralisk  
  156  8:39  Hydralisk x4  
  164  8:46  Roach x4  
  164  8:47  Roach  
  174  8:53  Roach x2  
  174  8:54  Roach x2  
  180  9:09  Roach  
  184  9:10  Roach x6  
  184  9:11  Roach  
  196  9:23  Roach x2  
  200  9:37  Lurker Den  
  200  9:39  Zerg Ground Armor Level 1  
  200  9:42  Infestation Pit  
  161  10:02  Hydralisk x3, Roach x4  
  161  10:03  Hydralisk x2, Roach x8  
  161  10:04  Overlord, Hydralisk  
  141  10:15  Hydralisk x2  
  141  10:16  Hydralisk x4  
  149  10:24  Zergling x12  
  155  10:33  Drone x3  
  155  10:34  Drone x3  
  161  10:37  Extractor  
  161  10:39  Extractor  
  161  10:41  Queen  
  161  10:54  Hydralisk x6  
  161  10:55  Hydralisk  
  174  11:10  Lurker x4  
  178  11:12  Drone x3  
  178  11:13  Drone x3  
  184  11:24  Lurker  
  184  11:25  Lurker  
  186  11:42  Roach x4  
  186  11:43  Roach x2  
  161  12:04  Hydralisk x7  
  161  12:05  Hydralisk x11  
  146  12:14  Roach x3  
  146  12:15  Roach x4  
  143  12:23  Hydralisk x3  
  149  12:32  Lurker x2  
  149  12:34  Roach x3  
  154  12:42  Zergling x6  
  157  12:55  Hive  
  157  12:57  Zergling x12  
  157  12:58  Zergling x14  
  168  12:59  Zergling x2  
  170  13:20  Spire  
  166  13:36  Hydralisk  
  166  13:37  Hydralisk x13  
  191  13:43  Spine Crawler  
  191  13:44  Spine Crawler x2  
  191  13:45  Spine Crawler  
  191  13:46  Spine Crawler  
Show
View Real Time Build Order
Export as new Build Order

oliM Protoss - Winner!

Build Orders: 1 Gate Expand 

Get SALT Encoding   

  12  0:01  Probe (Chrono Boost)  
  13  0:14  Probe (Chrono Boost)  
  14  0:21  Pylon  
  14  0:24  Probe (Chrono Boost)  
  15  0:39  Probe (Chrono Boost)  
  16  0:43  Gateway  
  17  0:50  Probe (Chrono Boost)  
  17  0:53  Assimilator  
  17  1:00  Probe (Chrono Boost)  
  18  1:11  Probe (Chrono Boost)  
  19  1:25  Nexus  
  19  1:36  Cybernetics Core  
  19  1:38  Probe (Chrono Boost)  
  20  1:44  Assimilator  
  20  1:49  Probe (Chrono Boost)  
  21  1:56  Pylon  
  21  1:59  Probe (Chrono Boost)  
  22  2:11  Probe (Chrono Boost)  
  22  2:14  Zealot  
  25  2:20  Warp Gate  
  25  2:22  Mothership Core (Chrono Boost)  
  27  2:40  Probe (Chrono Boost)  
  27  2:41  Stalker  
  27  2:43  Probe (Chrono Boost)  
  31  2:51  Probe (Chrono Boost)  
  32  2:53  Probe (Chrono Boost)  
  33  3:01  Probe (Chrono Boost)  
  33  3:02  Pylon  
  33  3:04  Probe (Chrono Boost)  
  35  3:11  Sentry  
  35  3:12  Probe (Chrono Boost)  
  38  3:14  Probe (Chrono Boost)  
  39  3:22  Probe (Chrono Boost)  
  39  3:25  Probe (Chrono Boost)  
  41  3:30  Stargate  
  41  3:33  Probe (Chrono Boost)  
  41  3:36  Probe (Chrono Boost)  
  42  3:43  Probe (Chrono Boost)  
  42  3:44  Gateway  
  42  3:46  Probe (Chrono Boost), Gateway  
  44  3:50  Gateway  
  44  3:53  Gateway  
  44  3:57  Probe (Chrono Boost)  
  44  3:58  Probe (Chrono Boost)  
  46  4:07  Probe (Chrono Boost)  
  46  4:08  Probe (Chrono Boost)  
  46  4:09  Pylon  
  48  4:13  Phoenix (Chrono Boost)  
  50  4:17  Probe  
  50  4:18  Probe  
  52  4:25  Assimilator  
  52  4:29  Assimilator  
  52  4:30  Probe  
  53  4:35  Phoenix (Chrono Boost)  
  53  4:36  Probe  
  56  4:45  Probe  
  57  4:50  Nexus  
  57  4:53  Pylon  
  57  4:55  Pylon  
  57  4:57  Phoenix (Chrono Boost)  
  59  5:04  Probe  
  59  5:06  Probe, Robotics Facility  
  60  5:13  Adept  
  60  5:14  Adept  
  65  5:17  Probe  
  65  5:18  Probe  
  67  5:25  Phoenix (Chrono Boost)  
  69  5:29  Probe  
  69  5:30  Twilight Council, Probe  
  71  5:41  Probe x2  
  72  5:46  Gateway  
  72  5:47  Gateway  
  73  5:53  Probe  
  73  5:54  Sentry, Observer (Chrono Boost)  
  73  5:55  Forge  
  73  5:56  Probe  
  78  6:04  Probe  
  78  6:05  Probe  
  78  6:08  Probe  
  78  6:09  Charge  
  81  6:15  Immortal (Chrono Boost)  
  81  6:17  Probe  
  86  6:21  Pylon  
  86  6:23  Probe, Protoss Ground Weapons Level 1 (Chrono Boost)  
  86  6:24  Probe  
  88  6:33  Gateway  
  88  6:36  Templar Archives  
  88  6:51  Immortal (Chrono Boost), Probe  
  88  6:54  Probe  
  93  6:55  Probe, Gateway x2  
  93  6:58  Gateway  
  95  7:04  Assimilator, Probe  
  95  7:06  Assimilator  
  95  7:07  Pylon  
  96  7:10  Robotics Facility  
  96  7:11  Psionic Storm  
  96  7:12  Pylon  
  96  7:18  Zealot  
  96  7:19  Zealot  
  96  7:22  Probe  
  101  7:28  Immortal (Chrono Boost)  
  101  7:29  Gateway  
  105  7:30  Gateway  
  105  7:32  High Templar  
  107  7:37  High Templar  
  107  7:42  Zealot x5  
  113  7:51  Probe  
  113  7:55  Pylon  
  113  7:56  Photon Cannon  
  114  7:59  Pylon  
  114  8:00  Pylon  
  114  8:04  Photon Cannon  
  114  8:05  High Templar  
  116  8:06  Protoss Ground Weapons Level 2 (Chrono Boost)  
  116  8:12  Immortal (Chrono Boost)  
  116  8:13  Immortal (Chrono Boost)  
  124  8:27  Zealot x4  
  124  8:32  High Templar  
  124  8:33  High Templar  
  128  8:36  Zealot x3  
  128  8:38  Probe  
  135  8:43  Immortal (Chrono Boost)  
  135  8:48  Observer  
  140  8:50  Pylon  
  140  8:51  Pylon  
  140  8:52  Pylon x2  
  139  9:05  Oracle (Chrono Boost)  
  139  9:09  High Templar  
  140  9:10  High Templar  
  140  9:11  Nexus  
  140  9:12  Pylon  
  140  9:14  Observer (Chrono Boost)  
  140  9:15  Zealot, Archon  
  140  9:16  Zealot x3  
  151  9:22  High Templar  
  151  9:23  Photon Cannon  
  157  9:34  Zealot x3  
  157  9:36  Immortal (Chrono Boost)  
  163  9:43  Probe  
  162  9:48  Zealot x2  
  162  9:49  Zealot x3  
  142  10:04  Zealot  
  142  10:05  Zealot x6  
  133  10:10  Protoss Ground Weapons Level 3  
  133  10:13  Zealot  
  122  10:16  Immortal (Chrono Boost)  
  122  10:19  Probe  
  121  10:22  High Templar x3  
  121  10:23  High Templar  
  121  10:26  Observer (Chrono Boost)  
  130  10:35  Zealot x2  
  130  10:36  Zealot x2  
  138  10:47  Immortal (Chrono Boost)  
  142  10:50  High Templar  
  142  11:00  Zealot  
  142  11:01  Zealot x2  
  142  11:02  Zealot x3  
  149  11:05  Oracle  
  149  11:11  Observer (Chrono Boost)  
  153  11:16  Assimilator  
  153  11:19  Probe  
  153  11:22  Assimilator, Immortal (Chrono Boost)  
  153  11:25  Zealot x3  
  164  11:29  Immortal (Chrono Boost)  
  168  11:45  High Templar x3  
  174  11:48  Zealot x5  
  174  11:49  Archon, Zealot  
  180  12:01  Observer (Chrono Boost)  
  144  12:03  Archon  
  144  12:04  Observer (Chrono Boost)  
  144  12:06  Zealot x3  
  127  12:14  Oracle  
  127  12:19  Observer (Chrono Boost)  
  126  12:23  Zealot x6  
  126  12:24  Zealot x2  
  141  12:42  High Templar x3  
  141  12:44  High Templar  
  149  12:45  Zealot  
  149  12:46  Zealot x5  
  161  12:57  High Templar  
  161  13:06  Probe  
  161  13:08  Photon Cannon, Probe  
  161  13:09  High Templar  
  161  13:11  High Templar x2  
  161  13:12  Zealot x3  
  175  13:18  Archon x2  
  175  13:19  Zealot  
  177  13:20  Zealot  
  177  13:25  Zealot x2  
  181  13:29  Probe  
  181  13:33  Zealot  
  182  13:39  High Templar x4  
  190  13:48  Zealot x3  
  190  13:49  Zealot  
  179  14:03  Zealot x3  
  181  14:11  Zealot x2  
  181  14:12  Zealot  
  181  14:14  Photon Cannon  
  181  14:15  Probe  
  186  14:19  Pylon  
  186  14:23  Pylon  
Tags
 
Add a new tag
Caveats
  • Supply blocks, unpowered buildings, or Contaminate may cause inaccurate times.
  • Supply counts are checked every 10 seconds.